 Dungeon Crawl Stone Soup version 0.27-a0-773-gaaee5cf45b (webtiles) character file.

Game seed: 8826404707633758834

55 snetch the Conjurer (level 3, -6/19 HPs)
             Began as a Deep Elf Conjurer on Mar 25, 2021.
             Mangled by Crazy Yiuf
             ... wielding a +3 quarterstaff of chaos
              (7 damage)
             ... on level 3 of the Dungeon.
             The game lasted 00:04:34 (2093 turns).

snetch the Conjurer (Deep Elf Conjurer)             Turns: 2093, Time: 00:04:35

Health: -6/19      AC:  4    Str:  4    XL:     3   Next: 67%
Magic:  6/10       EV: 11    Int: 23    God:
Gold:   93         SH:  0    Dex: 13    Spells: 3/9 levels left

rFire    . . .     SeeInvis .   b - +0 short sword
rCold    . . .     Faith    .   (no shield)
rNeg     . . .     Spirit   .   n - +0 leather armour
rPois    .         Reflect  .   (no helmet)
rElec    .         Harm     .   (no cloak)
rCorr    .         Rampage  .   (no gloves)
Will     .....                  o - +0 pair of boots
Stlth    ++........             (no amulet)
HPRegen  0.06/turn              (no ring)
MPRegen  0.12/turn              (no ring)

@: lethally poisoned (-6 -> -23)
A: no striking features
a: no special abilities


You were on level 3 of the Dungeon.
You visited 1 branch of the dungeon, and saw 4 of its levels.

You collected 93 gold pieces.

Inventory:

Hand Weapons
 b - a +0 short sword (weapon)
Missiles
 g - 19 arrows
 k - 31 stones
 l - 12 bolts
Armour
 a - a +0 ring mail
 f - a +0 chain mail
 i - a +0 tower shield
 n - a +0 leather armour (worn)
 o - a +0 pair of boots (worn)
Scrolls
 c - 2 scrolls of holy word {unknown}
 e - a scroll of fog {unknown}
 h - a scroll of vulnerability {unknown}
 j - 4 scrolls of identify {unknown}
 m - a scroll of fear {unknown}
 p - a scroll of amnesia {unknown}
 q - a scroll of enchant weapon {unknown}
Potions
 d - 2 potions of curing {unknown}


   Skills:
 + Level 2.6 Dodging
 + Level 2.6 Stealth
 + Level 3.6 Spellcasting
 + Level 5.5 Conjurations


You had 3 spell levels left.
You knew the following spells:

 Your Spells              Type           Power      Damage    Failure   Level
a - Magic Dart            Conj           100%       1d8       1%          1
b - Searing Ray           Conj           58%        3d5       3%          2
c - Dazzling Flash        Conj/Hex       32%        N/A       19%         3

Your spell library contained the following spells:

 Spells                   Type           Power      Damage    Failure   Level
 Conjure Flame            Conj/Fire      16%        6-21      19%         3
 Mephitic Cloud           Conj/Pois/Air  12%        N/A       28%         3
 Blink                    Tloc           N/A        N/A       30%         2
 Call Imp                 Summ           4%         N/A       30%         2
 Slow                     Hex            4%         N/A       30%         2
 Fulminant Prism          Conj/Hex       8%         3d7       52%         4
 Iskenderun's Mystic Bla  Conj/Tloc      16%        2d5       52%         4


Dungeon Overview and Level Annotations

Branches:
Dungeon (4/15)
 Temple: D:4-7

Altars:

Annotations:
D:3 Crazy Yiuf


Message History

Things that are here:
a +0 club; a +0 club You see here a +0 dagger.
You see here a +0 hand axe.
Magic restored.
HP restored.
You see here a +0 dagger.
Things that are here:
a +0 club; a +0 club You see here a +0 ring mail.
You open the door.
There is an open door here.
Found a spear.
You now have 79 gold pieces (gained 11).
You now have 93 gold pieces (gained 14).
Found a mace.
Found a runed translucent door.
Crazy Yiuf shouts!
You open the door.
Sorry, you're not good enough to have a special ability.
Casting: Searing Ray (safe; 3% risk of failure)
Confirm with . or Enter, or press ? or * to list all spells.
Aiming: Searing Ray (safe; 3% risk of failure)
Press: ? - help, Shift-Dir - straight line, f - Crazy Yiuf
Aim: Crazy Yiuf, wielding a +3 quarterstaff of chaos and wearing a +0 cloak (18% to evade)
The searing ray hits Crazy Yiuf.
Crazy Yiuf is moderately wounded. (Press . to maintain the ray.) Crazy Yiuf whimpers, "Lay!"
Crazy Yiuf completely misses you.
The searing ray hits Crazy Yiuf!
Crazy Yiuf is severely wounded.
Crazy Yiuf hits you with a +3 quarterstaff of chaos!
You are lethally poisoned!
The searing ray hits Crazy Yiuf.
Crazy Yiuf is almost dead.
Ouch! That really hurt!
* * * LOW HITPOINT WARNING * * *
You feel extremely sick.
Crazy Yiuf hits you with a +3 quarterstaff of chaos!
You die...

.##[####.....#######.#
#.......
..#....'.............#
#.......
#.######.....#########
##....... #+# #.#####
#........ .......#.#
#........ .......#.#
#........ .......#.#
### ####..######
.......#.# #)..###
##.....# .......#.#
#...g@####P.....#
.......
#...##..#.P....##
....... ###
###.#.P...#
#######รท## #..#
###..######
####....'.....
........######
###.........#


You could see Crazy Yiuf.

Vanquished Creatures
  A gnoll (D:1)
  A worm (D:2)
  A dart slug (D:1)
  4 orcs (D:3)
  7 hobgoblins
  6 jackals (D:1)
  3 kobolds
  A quokka (D:2)
  2 ball pythons
  4 bats
  A frilled lizard (D:3)
  4 rats
35 creatures vanquished.

Notes
Turn   | Place    | Note
-------+----------+-------------------------------------------
     0 | D:1      | snetch the Deep Elf Conjurer began the quest for the Orb.
     0 | D:1      | Reached XP level 1. HP: 10/10 MP: 6/6
    59 | D:1      | Reached XP level 2. HP: 13/15 MP: 0/8
    72 | D:1      | You fall into a shaft and drop 1 floor!
   252 | D:1      | Reached skill level 5 in Conjurations
   316 | D:1      | Learned a level 2 spell: Searing Ray
   447 | D:1      | Reached XP level 3. HP: 19/19 MP: 6/9
  1164 | D:2      | Learned a level 3 spell: Dazzling Flash
  2086 | D:3      | Found a runed translucent door.
  2087 | D:3      | Noticed Crazy Yiuf
  2093 | D:3      | Mangled by Crazy Yiuf

Illustrated notes

Levels and vault maps discovered:
D:1:      roderic_octagonal_star, layout_rooms, dk_noncrumbling_2
D:2:      layout_basic
D:3:      layout_basic, uniq_crazy_yiuf_cottage
D:4:      layout_cave_pools, fedhas_altar_1, nicolae_wu_jian_wuxing_cycle,
          lemuel_zombie_altar_yredelemnul, serial_column_ruins,
          column_ruins_corridor_dead_end, column_ruins_columns_dead_end,
          column_ruins_open_tiny, column_ruins_open_tiny,
          hangedman_minor_gate_pass

Skill      XL: |  1  2 |
---------------+-------+-----
Conjurations   | 5 |  5.5
Dodging        | |  2.6
Stealth        | |  2.6
Spellcasting   | |  3.6

Action                   || total
-------------------------++-------
 Cast: Magic Dart        ||    55
       Searing Ray       ||     3
Armor: Robe              ||     1
Dodge: Dodged            ||     5

Table legend: (Time is in decaauts)
 A = Elapsed time spent in this place.
 B = Non-inter-level travel time spent in this place.
 C = Inter-level travel time spent in this place.
 D = Time resting spent in this place.
 E = Time spent auto-exploring this place.
 F = Levels seen in this place.
 G = Mean time per level.
                   A        B        C        D        E       F      G
               +--------+--------+--------+--------+--------+-----+--------+
         Total |   2099 |   1986 |    113 |     69 |   1605 |   4 |  524.8 |
       Dungeon |   2099 |   1986 |    113 |     69 |   1605 |   4 |  524.8 |
               +--------+--------+--------+--------+--------+-----+--------+

Top non-repeatable levels by time:
     D:2: 1012 daAuts
     D:1: 757 daAuts
     D:3: 289 daAuts
     D:4: 40 daAuts
